 Dungeon Crawl Stone Soup version 0.30-a0-639-g3916f1956a (webtiles) character file.

Game seed: 17705408808005301494

335 wormed the Nimble (level 6, -1/44 HPs)
             Began as a Gnoll Wanderer on Jan 15, 2023.
             Killed by nerve-wracking pain
             ... invoked by Grinder
              (9 damage)
             ... on level 3 of the Dungeon.
             The game lasted 00:03:43 (1843 turns).

wormed the Nimble (Gnoll Wanderer)                  Turns: 1843, Time: 00:03:44

Health: -1/44      AC:  4    Str: 10    XL:     6   Next: 53%
Magic:  9/9        EV: 16    Int: 20    God:
Gold:   171        SH:  5    Dex: 16    Spells: 9/9 levels left

rFire   . . .      SeeInvis +    l - +5 hammer "Omiotywni" {freeze, Str-2 Int+9 Dex+3 SInv}
rCold   . . .      Faith    .    (no shield)
rNeg    . . .      Spirit   .    e - +0 leather armour
rPois   .          Reflect  +    (no helmet)
rElec   .          Harm     .    (no cloak)
rCorr   .          Rampage  .    (no gloves)
Will    .....                    c - +0 pair of boots
Stlth   ++                       f - amulet of reflection
HPRegen 0.27/turn                (no ring)
MPRegen 0.11/turn                (no ring)

@: no status effects
A: fangs 1, strong nose, distributed training
a: no special abilities


You were on level 3 of the Dungeon.
You visited 1 branch of the dungeon, and saw 4 of its levels.

You collected 171 gold pieces.

Inventory:

Hand Weapons
 a - a +2 mace
 l - the +5 hammer "Omiotywni" (weapon) {freeze, Str-2 Int+9 Dex+3 SInv}
   (You found it on level 3 of the Dungeon)

   Str:       It affects your strength (-2).
   Int:       It affects your intelligence (+9).
   Dex:       It affects your dexterity (+3).
   SInv:      It lets you see invisible.
Armour
 c - a +0 pair of boots (worn)
 e - a +0 leather armour (worn)
Jewellery
 f - an amulet of reflection (around neck)
 m - a ring of ice
Wands
 i - a wand of roots (6) (quivered)
Scrolls
 g - a scroll of noise {unknown}
 h - a scroll of identify
 j - a scroll of magic mapping {unknown}
 k - a scroll of enchant weapon {unknown}
Potions
 b - a potion of mutation


   Skills:
 + Level 2.1 Fighting
 + Level 3.3 Short Blades
 + Level 2.1 Long Blades
 + Level 2.1 Axes
 + Level 6.9 Maces & Flails
 + Level 2.1 Polearms
 + Level 2.1 Staves
 + Level 2.1 Ranged Weapons
 + Level 2.1 Throwing
 + Level 2.1 Armour
 + Level 8.8 Dodging
 + Level 3.1 Stealth
 + Level 2.1 Shields
 + Level 2.1 Unarmed Combat
 + Level 2.1 Spellcasting
 + Level 1.6 Conjurations
 + Level 1.6 Hexes
 + Level 1.6 Summonings
 + Level 1.6 Necromancy
 + Level 1.6 Translocations
 + Level 1.6 Transmutations
 + Level 1.6 Fire Magic
 + Level 1.6 Ice Magic
 + Level 1.6 Air Magic
 + Level 1.6 Earth Magic
 + Level 1.6 Poison Magic
 + Level 3.5 Invocations
 + Level 2.1 Evocations


You had 9 spell levels left.
You didn't know any spells.
Your spell library was empty.

Dungeon Overview and Level Annotations

Branches:
Dungeon (4/15)
 Temple: D:4-7

Altars:
Kikubaaqudgha
Trog
Xom

Annotations:
D:3 3 runed translucent doors, Crazy Yiuf; Grinder; drugrobin's ghost, weakling DgDe
D:4 Dowan, Duvessa


Innate Abilities, Weirdness & Mutations

You have very sharp teeth.
Your uncanny sense of smell can sniff out nearby items.
Your experience applies equally to all skills.


Message History

You completely miss Grinder.
Grinder is heavily wounded.
Grinder says, "DUCK!"
Grinder gestures at you. Pain shoots through your body!
The goblin barely misses you.
You hit Grinder. Your bite misses Grinder.
Grinder is severely wounded.
Grinder blinks!
The goblin barely misses you.
You sock the goblin! You freeze the goblin.
You kill the goblin!
Grinder barely misses you.
You barely miss Grinder. Your bite misses Grinder.
Grinder is heavily wounded.
Grinder gestures at you.
You suddenly lose the ability to move!
Grinder hits you!
You writhe in agony.
Grinder hits you!
* * * LOW HITPOINT WARNING * * *
You writhe in agony.
* * * LOW HITPOINT WARNING * * *
You can move again.
You closely miss Grinder. Your bite misses Grinder.
Grinder is heavily wounded.
Grinder barely misses you.
You hit Grinder.
Grinder is severely wounded.
Grinder gestures at you. You resist with significant effort.
You feel better. Grinder hits you but does no damage.
You hit Grinder. You bite Grinder, but do no damage.
Grinder is almost dead.
Grinder hits you.
* * * LOW HITPOINT WARNING * * *
You writhe in agony.
* * * LOW HITPOINT WARNING * * *
You closely miss Grinder.
Grinder is almost dead.
Grinder gestures at you. Pain shoots through your body!
You die...

##### #### ####......####
###)#≈#########.....
.#..$..## ####.. #.~≈~.#(#
#... ##..#.⌠.~# ##...
#..W~≈.≈########....
###++####........##
#......####........
########5@.)..# ###...####
#.....#..#..### #......# # ..
#.................#.##.###
...#......############.##....
.........## ###.#####.
..##...## #...# ## ###..##
#.###
########..##########.########
#.........†..................


You could see Grinder and drugrobin's ghost.

Vanquished Creatures
  Sigmund (D:3)
  A hound (D:3)
  Natasha (twice) (D:2)
  3 adders
  3 worms
  2 dart slugs (D:2)
  6 orcs
  3 bats
  4 endoplasms
  4 giant cockroaches
  6 goblins
  4 hobgoblins
  4 kobolds
  2 quokkas
  5 ball pythons
  3 frilled lizards
  5 rats
58 creatures vanquished.

Vanquished Creatures (others)
  3 fungi (D:4)
  3 plants
6 creatures vanquished.

Grand Total: 64 creatures vanquished

Notes
Turn   | Place    | Note
-------+----------+-------------------------------------------
     0 | D:1      | wormed the Gnoll Wanderer began the quest for the Orb.
     0 | D:1      | wormed set off with the following items: a +2 mace, a +0
                  | short sword, a +0 pair of boots, a scroll of blinking, a +0
                  | leather armour.
     0 | D:1      | Reached XP level 1. HP: 13/13 MP: 2/2
    90 | D:1      | Reached XP level 2. HP: 19/19 MP: 3/3
   451 | D:2      | Reached XP level 3. HP: 25/25 MP: 4/4
   664 | D:2      | Noticed Natasha
   673 | D:2      | Killed Natasha
   674 | D:2      | Reached skill level 1 in Fighting
   674 | D:2      | Reached skill level 1 in Long Blades
   674 | D:2      | Reached skill level 1 in Axes
   674 | D:2      | Reached skill level 1 in Polearms
   674 | D:2      | Reached skill level 1 in Staves
   674 | D:2      | Reached skill level 1 in Ranged Weapons
   674 | D:2      | Reached skill level 1 in Throwing
   674 | D:2      | Reached skill level 1 in Armour
   674 | D:2      | Reached skill level 1 in Shields
   674 | D:2      | Reached skill level 1 in Unarmed Combat
   674 | D:2      | Reached skill level 1 in Spellcasting
   674 | D:2      | Reached skill level 1 in Evocations
   681 | D:2      | Reached XP level 4. HP: 32/32 MP: 4/6
   846 | D:2      | Noticed Natasha
   854 | D:2      | Killed Natasha
   855 | D:2      | Reached skill level 1 in Conjurations
   855 | D:2      | Reached skill level 1 in Hexes
   855 | D:2      | Reached skill level 1 in Summonings
   855 | D:2      | Reached skill level 1 in Necromancy
   855 | D:2      | Reached skill level 1 in Translocations
   855 | D:2      | Reached skill level 1 in Transmutations
   855 | D:2      | Reached skill level 1 in Fire Magic
   855 | D:2      | Reached skill level 1 in Ice Magic
   855 | D:2      | Reached skill level 1 in Air Magic
   855 | D:2      | Reached skill level 1 in Earth Magic
   855 | D:2      | Reached skill level 1 in Poison Magic
  1159 | D:3      | Noticed Sigmund
  1199 | D:4      | Identified the +3 leather armour "Yroiromoo" {Harm rN+++
                  | Will- Int-4}
  1216 | D:4      | Reached XP level 5. HP: 27/37 MP: 7/7
  1225 | D:4      | Found an ancient bone altar of Kikubaaqudgha.
  1256 | D:4      | Noticed Duvessa
  1262 | D:4      | Noticed Dowan
  1267 | D:4      | HP: 1/37 [poisoned by a scorpion]
  1272 | D:4      | Found a shimmering altar of Xom.
  1612 | D:3      | Found a bloodstained altar of Trog.
  1630 | D:3      | Killed Sigmund
  1631 | D:3      | Reached XP level 6. HP: 29/44 MP: 7/9
  1717 | D:3      | Identified the +5 hammer "Omiotywni" {freeze, Str-2 Int+9
                  | Dex+3 SInv}
  1718 | D:3      | Found a runed translucent door.
  1719 | D:3      | Noticed Crazy Yiuf
  1818 | D:3      | Found a large runed translucent door.
  1818 | D:3      | Found a large runed translucent door.
  1820 | D:3      | Noticed Grinder
  1822 | D:3      | Noticed drugrobin's ghost (weakling DgDe)
  1836 | D:3      | Paralysed by Grinder for 3 turns
  1843 | D:3      | Killed from afar by Grinder

Illustrated notes

Levels and vault maps discovered:
D:1:      roderic_crop_circles_arrival_small, layout_rooms
D:2:      layout_loops_cross, uniq_natasha
D:3:      layout_rooms, mainiacjoe_overflow_small_starburst,
          ebering_ghost_disaster_area, uniq_crazy_yiuf_cottage, uniq_ijyb,
          uniq_grinder, uniq_sigmund
D:4:      layout_rooms, dreamdust_divine_triumvirate,
          mainiacjoe_overflow_alcove_4, mainiacjoe_overflow_cross_hatched,
          kiku_gazebo_pond_becter, dreamdust_mushroom_princess, uniq_robin,
          uniq_duvessa

Skill      XL: |  1  2  3  4  5 |
---------------+----------------+-----
Fighting       | 1 2 |  2.1
Long Blades    | 1 2 |  2.1
Axes           | 1 2 |  2.1
Polearms       | 1 2 |  2.1
Staves         | 1 2 |  2.1
Ranged Weapons | 1 2 |  2.1
Throwing       | 1 2 |  2.1
Armour         | 1 2 |  2.1
Shields        | 1 2 |  2.1
Unarmed Combat | 1 2 |  2.1
Spellcasting   | 1 2 |  2.1
Evocations     | 1 2 |  2.1
Conjurations   | 1 |  1.6
Hexes          | 1 |  1.6
Summonings     | 1 |  1.6
Necromancy     | 1 |  1.6
Translocations | 1 |  1.6
Transmutations | 1 |  1.6
Fire Magic     | 1 |  1.6
Ice Magic      | 1 |  1.6
Air Magic      | 1 |  1.6
Earth Magic    | 1 |  1.6
Poison Magic   | 1 |  1.6
Invocations    | 3 |  3.5
Short Blades   | 3 |  3.3
Stealth        | 3 |  3.1
Maces & Flails | |  6.9
Dodging        | |  8.8

Action                   |  1- 3 |  4- 6 || total
-------------------------+-------+-------++-------
Melee: Mace              |    77 |    82 ||   159
       Bite              |     7 |     7 ||    14
       Punch             |       |     1 ||     1
Evoke: Wand              |       |     4 ||     4
  Use: Scroll            |       |     5 ||     5
       Potion            |       |     3 ||     3
 Stab: Sleeping          |     3 |     4 ||     7
Armor: Leather armour    |    16 |    16 ||    32
Dodge: Dodged            |    34 |    52 ||    86
Block: Other             |     6 |    28 ||    34
       Reflection        |       |     1 ||     1

Table legend: (Time is in decaauts)
 A = Elapsed time spent in this place.
 B = Non-inter-level travel time spent in this place.
 C = Inter-level travel time spent in this place.
 D = Time resting spent in this place.
 E = Time spent auto-exploring this place.
 F = Levels seen in this place.
 G = Mean time per level.
                   A        B        C        D        E       F      G
               +--------+--------+--------+--------+--------+-----+--------+
         Total |   1854 |   1828 |     26 |     85 |   1230 |   4 |  463.5 |
       Dungeon |   1854 |   1828 |     26 |     85 |   1230 |   4 |  463.5 |
               +--------+--------+--------+--------+--------+-----+--------+

Top non-repeatable levels by time:
     D:2: 721 daAuts
     D:3: 614 daAuts
     D:1: 401 daAuts
     D:4: 117 daAuts
